 Dungeon Crawl Stone Soup version 0.32-a0-909-gc671339a80 (webtiles) character file.

Game seed: 3970072892350171497

3517 Heh the Cleaver (level 10, -4/83 HPs)
             Began as a Coglin Gladiator on Apr 5, 2024.
             Was a Follower of Beogh.
             Slain by a slime creature (9 damage)
             ... on level 7 of the Dungeon on Apr 6, 2024.
             The game lasted 00:18:14 (6779 turns).

Heh the Cleaver (Coglin Gladiator)                  Turns: 6779, Time: 00:18:15

Health: -4/83      AC: 13    Str: 20    XL:     10   Next: 8%
Magic:  10/10      EV:  8    Int:  7    God:    Beogh [*.....]
Gold:   307        SH:  0    Dex: 15    Spells: 9/9 levels left

rFire   . . .        a - +0 war axe {Hajoon}
rCold   . . .        K - +0 war axe {Haeun}
rNeg    . . .        b - +2 chain mail {rPois}
rPois   +            o - +1 helmet
rElec   .            (no cloak)
rCorr   .            (no gloves)
SInv    .            r - +2 pair of boots
Will    .....        (amulet unavailable) Stlth
                     (ring unavailable)
HPRegen 0.33/turn    (ring unavailable)
MPRegen 0.12/turn    (no gizmo)

%: no passive effects
@: mighty, corroded, studying Staves, revving
A: off-hand wielding, slow wielding, warmup strikes, no jewellery, robust 1
a: Invent Gizmo, Renounce Religion


You were on level 7 of the Dungeon.
You worshipped Beogh.
Beogh was aware of your devotion.
You visited 1 branch of the dungeon, and saw 7 of its levels.
You also visited: Sewer.

You collected 566 gold pieces.
You spent 259 gold pieces at shops.

Inventory:

Hand Weapons
 a - a +0 war axe (weapon) {Hajoon}
 h - a +2 dagger of venom
 z - a +0 hand axe {Eadwine}
 A - a +0 dagger of draining
 E - a +0 whip of electrocution {Jasleen}
 K - a +0 war axe (offhand) {Haeun}
 L - a +3 trident
Missiles
 d - 4 throwing nets
 e - a javelin
 m - 21 poisoned darts (quivered)
 J - 3 boomerangs
Armour
 b - a +2 chain mail of poison resistance (worn)
 c - a +0 helmet
 k - a +0 ring mail
 o - a +1 helmet (worn)
 p - a +0 plate armour
 r - a +2 pair of boots (worn)
Wands
 I - a wand of mindburst (13)
Scrolls
 j - 2 scrolls of poison
 n - 2 scrolls of enchant armour {unknown}
 v - 2 scrolls of blinking {unknown}
 x - a scroll of brand weapon {unknown}
 y - 2 scrolls of identify {unknown}
 D - 4 scrolls of immolation {unknown}
Potions
 f - a potion of berserk rage {unknown}
 g - a potion of resistance {unknown}
 i - a potion of invisibility {unknown}
 l - a potion of curing {unknown}
 q - a potion of attraction {unknown}
 s - 2 potions of haste {unknown}
 t - 2 potions of brilliance {unknown}
 w - 2 potions of magic {unknown}
 B - 2 potions of heal wounds {unknown}
 C - 2 potions of mutation
 F - 2 potions of cancellation {unknown}
 G - 2 potions of might
 H - a potion of lignification


   Skills:
 - Level 6.0 Fighting
 + Level 11.8 Axes
 - Level 0.8(6.9) Maces & Flails
 - Level 1.7 Throwing
 - Level 5.0 Armour
 - Level 3.0 Dodging


You had 9 spell levels left.
You didn't know any spells.
Your spell library contained the following spells:

 Spells                   Type           Power      Damage    Failure   Level
 Freeze                   Ice            0%         1d3       97%         1
 Sandblast                Erth           0%         2d4       97%         1
 Frozen Ramparts          Ice            0%         1d1       100%        3
 Hailstorm                Conj/Ice       0%         3d5       100%        3
 Inner Flame              Hex/Fire       0%         N/A       100%        3
 Stone Arrow              Conj/Erth      0%         3d7       100%        3
 Animate Dead             Necr           0%         N/A       100%        4
 Brom's Barrelling Bould  Conj/Erth      0%         2d3       100%        4
 Borgnjor's Vile Clutch   Necr/Erth      0%         N/A       100%        5
 Irradiate                Conj/Alch      0%         3d11      100%        5
 Death Channel            Necr           0%         N/A       100%        6
 Ignition                 Fire           0%         3d3       100%        8


Dungeon Overview and Level Annotations

Branches:
Dungeon (7/15)             Temple (0/1) D:5           Sewer (visited)

Altars:

Shops:
D:4 ??[

Annotations:
D:4 2 transporters


Innate Abilities, Weirdness & Mutations

You can wield a second weapon in your off-hand.
It takes a long time for you to wield or remove held weapons.
Your first few attacks do less damage.
You cannot equip rings or amulets.
You are robust. (+10% HP)


Message History

The slime creature hits you!
The jelly hits the toadstool.
The toadstool is splashed with acid!
The acid corrodes the toadstool!
The toadstool is destroyed!
You hit the slime creature but do no damage.
The slime creature is moderately wounded.
You barely miss the slime creature with your +0 war axe.
You hit the slime creature but do no damage. x2
The slime creature hits you. The slime creature hits you!
Unknown command.
You hit the slime creature with your +0 war axe.
The slime creature is heavily wounded.
You hit the slime creature with your +0 war axe.
You completely miss the slime creature with your +0 war axe.
You hit the slime creature with your +0 war axe.
The slime creature barely misses you.
The slime creature hits you but does no damage.
It was a potion of mutation.
You feel extremely strange.
You feel robust.
A nearby fungus withers and dies.
The endoplasm barely misses you. The slime creature hits you.
* * * LOW HITPOINT WARNING * * *
The slime creature hits you.
* * * LOW HITPOINT WARNING * * *
The slime creature hits you but does no damage.
As you read the scroll of fear, it crumbles to dust.
You assume a fearsome visage.
The slime creature resists with some effort.
The jelly looks frightened!
The slime creature looks frightened! x2
The endoplasm looks frightened!
The slime creature hits you.
* * * LOW HITPOINT WARNING * * *
The slime creature attacks as it pursues you!
The slime creature hits you but does no damage.
There is an open door here.
The slime creature attacks as it pursues you!
The slime creature hits you!
* * * LOW HITPOINT WARNING * * *
It was a potion of might.
You feel very mighty all of a sudden. The slime creature hits you!
You die...

###########............
÷P.......###...##......
.P.P.....# #...##......
.....PJ..###...#####...
...P.J...##....# #...
...PJ...÷##....######..
.P......÷##....#.......
#######J###.......#...#
##.)J..@## #.......#..##
#.######## #..........##
##..'....# #...........)
#########....###).......##.#
#...##.......##............#
#...##.(.....##............)
#...##.......##.............
#...##.......###.........###
#####.###.)...###...#.........


You could see a slime creature and an endoplasm (fleeing).

Vanquished Creatures
  Grinder (D:5)
  A wyvern (D:5)
  Eustachio (D:6)
  A steam dragon (D:7)
  2 water moccasins
  An orc warrior (D:7)
  5 ice beasts
  2 sky beasts
  3 black bears
  An ogre (D:5)
  2 phantoms (D:5)
  A kobold brigand (D:6)
  Blork the orc (D:6)
  2 scorpions
  3 wights (D:7)
  2 howler monkeys
  2 gnoll boudas (D:7)
  4 orc priests
  2 hounds
  2 jellies
  3 iguanas
  A sleepcap (D:5)
  23 gnolls
  9 adders
  9 river rats (Sewer)
  2 shadow imps
  3 white imps
  2 dart slugs
  2 ribbon worms
  17 orcs
  13 endoplasms
  3 giant cockroaches
  10 goblins
  8 hobgoblins
  5 jackals (D:5)
  5 quokkas
  12 ball pythons
  6 bats
  2 frilled lizards
  25 kobolds
  34 rats
233 creatures vanquished.

Vanquished Creatures (others)
  2 orcs (D:7)
2 creatures vanquished.

Grand Total: 235 creatures vanquished

Notes
Turn   | Place    | Note
-------+----------+-------------------------------------------
     0 | D:1      | Heh the Coglin Gladiator began the quest for the Orb.
     0 | D:1      | Reached XP level 1. HP: 16/16 MP: 1/1
   168 | D:1      | Reached XP level 2. HP: 22/22 MP: 2/2
   219 | D:1      | Reached skill level 4 in Axes
   223 | D:1      | Reached XP level 3. HP: 24/27 MP: 3/3
  1240 | D:2      | Reached XP level 4. HP: 33/33 MP: 4/4
  1811 | D:2      | Reached skill level 5 in Axes
  2169 | D:3      | Reached XP level 5. HP: 17/38 MP: 5/5
  2541 | D:3      | Reached skill level 6 in Axes
  3115 | D:4      | Upgraded the game from 0.32-a0-900-g30fb1b0edc to
                  | 0.32-a0-909-gc671339a80
  3117 | D:4      | Reached XP level 6. HP: 44/44 MP: 6/6
  3307 | D:4      | Found Wiec's Armour Boutique.
  3333 | D:4      | Found a transporter.
  3333 | D:4      | Found Kouluc's Magic Scroll Shoppe.
  3353 | D:4      | Found Efryoc's Magic Scroll Shoppe.
  3404 | D:4      | Bought a +2 chain mail of poison resistance for 259 gold
                  | pieces
  3418 | D:4      | Found a transporter.
  3631 | D:5      | Entered Level 5 of the Dungeon
  3655 | D:5      | Noticed a wyvern
  3663 | D:5      | Reached skill level 7 in Axes
  3666 | D:5      | Killed a wyvern
  3667 | D:5      | Reached skill level 1 in Armour
  3667 | D:5      | Reached XP level 7. HP: 51/51 MP: 7/7
  3678 | D:5      | Noticed Grinder
  3695 | D:5      | Killed Grinder
  3696 | D:5      | Reached skill level 8 in Axes
  3696 | D:5      | Reached XP level 8. HP: 39/59 MP: 8/8
  3947 | D:5      | Reached skill level 9 in Axes
  3989 | D:5      | Found a staircase to the Ecumenical Temple.
  4050 | D:5      | Found a glowing drain.
  4054 | Sewer    | Entered a sewer
  5190 | D:6      | Noticed Blork the orc
  5199 | D:6      | Killed Blork the orc
  5386 | D:6      | Reached XP level 9. HP: 67/67 MP: 9/9
  5533 | D:6      | Noticed Eustachio
  5544 | D:6      | Reached skill level 5 in Fighting
  5554 | D:6      | Killed Eustachio
  5734 | D:6      | Reached skill level 10 in Axes
  6046 | D:7      | Became a worshipper of Beogh the Shepherd
  6190 | D:7      | Reached skill level 5 in Armour
  6234 | D:7      | Reached skill level 11 in Axes
  6302 | D:7      | Reached XP level 10. HP: 33/76 MP: 10/10
  6360 | D:7      | Reached * piety under Beogh
  6775 | D:7      | Gained mutation: You are robust. (+10% HP) [potion of
                  | mutation]
  6779 | D:7      | Slain by a slime creature

Illustrated notes

Levels and vault maps discovered:
D:1:      dpeg_arrival_solitude, layout_basic, fountainhead
D:2:      layout_basic
D:3:      layout_basic, serial_rivers, chequers_serial_rivers_large_b,
          chequers_serial_rivers_large_a, chequers_serial_rivers_small_3,
          chequers_serial_rivers_small_3, chequers_serial_rivers_micro_c,
          serial_bayou_crossing
D:4:      layout_rooms, serial_shops, nicolae_shop_drivethru, shop,
          nicolae_shop_tiny_statue_garden
D:5:      layout_cave_pools, minmay_temple_entry_poolview,
          mainiacjoe_sewer_entry_somewhere_in_here_2, minmay_manual_maat,
          uniq_grinder
D:6:      layout_basic, kennysheep_potato, uniq_eustachio, uniq_blork_the_orc
D:7:      cheibrodos_fertilizer, layout_cave_pools

Skill      XL: |  1  2  3  4  5  6  7  8  9 |
---------------+----------------------------+-----
Axes           | 4 5 6 7 8 9 11 | 11.8
Armour         | 1 2 3 5 |  5.0
Dodging        | 3 |  3.0
Fighting       | 3 4 6 |  6.0
Maces & Flails | |  0.8
Throwing       | |  1.7

Action                     |  1- 3 |  4- 6 |  7- 9 | 10-12 || total
---------------------------+-------+-------+-------+-------++-------
  Melee: War axe           |    78 |   132 |   245 |    44 ||   499
         Dagger            |    15 |       |       |       ||    15
         Short sword       |    58 |    45 |       |       ||   103
         Hand axe          |       |    39 |       |       ||    39
         Whip              |       |    35 |   236 |     5 ||   276
  Throw: Dart              |       |       |    19 |       ||    19
         Throwing net      |       |       |     2 |       ||     2
 Invoke: Convert to Beogh  |       |       |     1 |       ||     1
  Evoke: Wand              |       |       |     3 |       ||     3
    Use: Scroll            |       |     5 |     3 |     1 ||     9
         Potion            |       |     1 |       |     2 ||     3
 Armour: Leather armour    |    28 |       |       |       ||    28
         Ring mail         |    29 |    71 |       |       ||   100
         Chain mail        |       |    13 |   225 |    30 ||   268
         Skin              |       |     8 |    27 |       ||    35
  Dodge: Dodged            |    47 |    72 |   116 |    15 ||   250

Table legend: (Time is in decaauts)
 A = Elapsed time spent in this place.
 B = Non-inter-level travel time spent in this place.
 C = Inter-level travel time spent in this place.
 D = Time resting spent in this place.
 E = Time spent auto-exploring this place.
 F = Levels seen in this place.
 G = Mean time per level.
                   A        B        C        D        E       F      G
               +--------+--------+--------+--------+--------+-----+--------+
         Total |   6881 |   6487 |    394 |    157 |   4859 |   8 |  860.1 |
       Dungeon |   6156 |   5762 |    394 |    157 |   4357 |   7 |  879.4 |
         Sewer |    725 |    725 |      0 |      0 |    501 |   1 |  725.0 |
               +--------+--------+--------+--------+--------+-----+--------+

Top non-repeatable levels by time:
     D:3: 1285 daAuts
     D:2: 949 daAuts
     D:1: 947 daAuts
     D:5: 856 daAuts
     D:6: 817 daAuts
     D:7: 772 daAuts
   Sewer: 725 daAuts
     D:4: 526 daAuts
